 Dungeon Crawl Stone Soup version 0.27.1-1-g398f81649c (webtiles) character file.

Game seed: 872870505020906929

420 MisterFreud the Skirmisher (level 6, -10/79 HPs)
             Began as a Gnoll Wanderer on Sept 21, 2021.
             Was a Believer of Trog.
             Mangled by an orc warrior (16 damage)
             ... on level 4 of the Dungeon.
             The game lasted 00:03:59 (2725 turns).

MisterFreud the Skirmisher (Gnoll Wanderer)         Turns: 2725, Time: 00:04:00

Health: -10/79     AC:  8    Str: 13    XL:     6   Next: 94%
Magic:  9/9        EV: 11    Int: 10    God:    Trog [**....]
Gold:   95         SH:  0    Dex: 13    Spells: 9/9 levels left

rFire    + . .     SeeInvis .   c - +0 hand axe
rCold    . . .     Faith    .   (no shield)
rNeg     . . .     Spirit   .   d - +0 ring mail
rPois    .         Reflect  .   i - +0 helmet
rElec    .         Harm     .   (no cloak)
rCorr    .         Rampage  .   (no gloves)
Will     +....                  l - +0 pair of boots
Stlth    ..........             (no amulet)
HPRegen  0.23/turn              h - ring of protection from fire
MPRegen  0.11/turn              k - ring of willpower

@: berserking, very quick
A: fangs 1, strong nose, distributed training
a: Renounce Religion, Berserk, Trog's Hand


You were on level 4 of the Dungeon.
You worshipped Trog.
Trog was pleased with you.
You visited 1 branch of the dungeon, and saw 4 of its levels.

You collected 95 gold pieces.

Inventory:

Hand Weapons
 a - a +2 dagger
 c - a +0 hand axe (weapon)
Missiles
 j - 6 curare-tipped darts (quivered)
 n - 9 poisoned darts
Armour
 d - a +0 ring mail (worn)
 i - a +0 helmet (worn)
 l - a +0 pair of boots (worn)
Jewellery
 h - a ring of protection from fire (left hand)
 k - a ring of willpower (right hand)
Wands
 w - a wand of iceblast (8)
Scrolls
 f - 2 scrolls of identify {unknown}
 m - a scroll of vulnerability {unknown}
 o - a scroll of enchant armour {unknown}
 p - a scroll of fear {unknown}
 q - a scroll of enchant weapon {unknown}
 r - a scroll of amnesia {unknown}
 u - a scroll of immolation {unknown}
Potions
 b - 3 potions of haste
 e - a potion of mutation {unknown}
 g - a potion of curing {unknown}
 s - a potion of flight {unknown}
 t - a potion of degeneration {unknown}
 v - a potion of brilliance {unknown}


   Skills:
 + Level 6.9 Fighting
 + Level 2.1 Short Blades
 + Level 2.1 Long Blades
 + Level 5.1 Axes
 + Level 2.1 Maces & Flails
 + Level 2.1 Polearms
 + Level 2.1 Staves
 + Level 2.1 Slings
 + Level 2.1 Bows
 + Level 2.1 Crossbows
 + Level 2.1 Throwing
 + Level 3.4 Armour
 + Level 3.4 Dodging
 + Level 4.7 Stealth
 + Level 2.1 Shields
 + Level 2.1 Unarmed Combat
 + Level 2.1 Spellcasting
 + Level 1.7 Conjurations
 + Level 1.7 Hexes
 + Level 1.7 Summonings
 + Level 1.7 Necromancy
 + Level 1.7 Translocations
 + Level 1.7 Transmutations
 + Level 1.7 Fire Magic
 + Level 1.7 Ice Magic
 + Level 1.7 Air Magic
 + Level 1.7 Earth Magic
 + Level 1.7 Poison Magic
 + Level 2.4 Invocations
 + Level 3.4 Evocations


You had 9 spell levels left.
You didn't know any spells.
Your spell library was empty.

Dungeon Overview and Level Annotations

Branches:
Dungeon (4/15)
 Temple: D:4-7

Altars:
Trog

Shops:
D:3 [


Innate Abilities, Weirdness & Mutations

You have very sharp teeth.
Your uncanny sense of smell can sniff out nearby items.
Your experience applies equally to all skills.


Message History

The orc warrior hits you from afar with a +0 halberd.
The ball python closely misses you. The ball python constricts you.
You barely miss the ball python.
The ball python is moderately wounded.
You slash the adder!
You feel the power of Trog in you as your rage grows.
You kill the adder!
Trog accepts your kill.
The orc warrior hits you from afar with a +0 halberd.
The ball python closely misses you. The ball python constricts you.
Unknown command.
You slash the ball python!
You kill the ball python!
Trog accepts your kill.
Unknown command.
The orc warrior hits you with a +0 halberd!
* * * LOW HITPOINT WARNING * * *
You see here a ball python corpse.
Your ring mail prevents you from hitting the orc warrior.
You bite the orc warrior, but do no damage.
The orc warrior hits you with a +0 halberd.
* * * LOW HITPOINT WARNING * * *
Your ring mail prevents you from hitting the orc warrior.
You hit the orc warrior.
The orc warrior is lightly wounded.
A kobold comes into view. It is wielding a +0 club.
The orc warrior hits you with a +0 halberd!
* * * LOW HITPOINT WARNING * * *
The kobold shouts!
You hit the orc warrior.
You bite the orc warrior, but do no damage.
The orc warrior is moderately wounded.
You hear a shout!
The orc warrior closely misses you.
You closely miss the orc warrior.
The orc warrior is moderately wounded.
You slash the orc warrior!
The orc warrior is heavily wounded.
The orc warrior hits you with a +0 halberd!
You die...

#####
....#####
........
......#
Ko##.# ∆
#o##.# ∆ ∆
#@##.#
∆##)...#
#.....# ∆
#$....##.#
#...#.##.#
#...#.#.<#
#..###.#..#
..# #.#..#∆
## #.####


You could see an orc warrior, an orc wizard and a kobold.

Vanquished Creatures
  Grinder (D:3)
  An orc priest (D:4)
  Robin (D:2)
  8 adders
  A worm (D:2)
  2 dart slugs
  5 ball pythons
  2 endoplasms
  7 giant cockroaches
  17 goblins
  7 hobgoblins
  11 jackals
  3 quokkas (D:2)
  5 bats
  12 frilled lizards
  7 kobolds
  4 rats
94 creatures vanquished.

Vanquished Creatures (others)
  7 plants (D:2)
7 creatures vanquished.

Grand Total: 101 creatures vanquished

Notes
Turn   | Place    | Note
-------+----------+-------------------------------------------
     0 | D:1      | MisterFreud the Gnoll Wanderer began the quest for the Orb.
     0 | D:1      | MisterFreud set off with the following items: a +2 dagger,
                  | a potion of haste, a +0 hand axe, a +0 ring mail
     0 | D:1      | Reached XP level 1. HP: 23/23 MP: 1/1
   145 | D:1      | Reached XP level 2. HP: 29/29 MP: 2/2
   361 | D:1      | Reached XP level 3. HP: 31/35 MP: 3/3
   568 | D:1      | Found a faded altar of an unknown god.
   681 | D:1      | Became a worshipper of Trog the Wrathful
   681 | D:1      | Reached * piety under Trog
   750 | D:2      | Reached skill level 1 in Invocations
   819 | D:2      | Noticed Robin
   828 | D:2      | Reached skill level 1 in Short Blades
   828 | D:2      | Reached skill level 1 in Long Blades
   828 | D:2      | Reached skill level 1 in Maces & Flails
   828 | D:2      | Reached skill level 1 in Polearms
   828 | D:2      | Reached skill level 1 in Staves
   828 | D:2      | Reached skill level 1 in Slings
   828 | D:2      | Reached skill level 1 in Bows
   828 | D:2      | Reached skill level 1 in Crossbows
   828 | D:2      | Reached skill level 1 in Throwing
   828 | D:2      | Reached skill level 1 in Shields
   828 | D:2      | Reached skill level 1 in Unarmed Combat
   828 | D:2      | Reached skill level 1 in Spellcasting
   828 | D:2      | Killed Robin
   829 | D:2      | Reached XP level 4. HP: 19/41 MP: 5/5
  1184 | D:2      | Reached ** piety under Trog
  1192 | D:2      | Reached skill level 1 in Conjurations
  1192 | D:2      | Reached skill level 1 in Hexes
  1192 | D:2      | Reached skill level 1 in Summonings
  1192 | D:2      | Reached skill level 1 in Necromancy
  1192 | D:2      | Reached skill level 1 in Translocations
  1192 | D:2      | Reached skill level 1 in Transmutations
  1192 | D:2      | Reached skill level 1 in Fire Magic
  1192 | D:2      | Reached skill level 1 in Ice Magic
  1192 | D:2      | Reached skill level 1 in Air Magic
  1192 | D:2      | Reached skill level 1 in Earth Magic
  1192 | D:2      | Reached skill level 1 in Poison Magic
  1791 | D:3      | Found Yreh's Antique Armour Shoppe.
  1843 | D:3      | Reached XP level 5. HP: 42/47 MP: 6/6
  2139 | D:3      | Noticed Grinder
  2147 | D:3      | Killed Grinder
  2148 | D:3      | Reached skill level 5 in Axes
  2148 | D:3      | Reached XP level 6. HP: 53/53 MP: 7/9
  2495 | D:3      | Reached *** piety under Trog
  2708 | D:4      | Noticed an orc warrior
  2725 | D:4      | Mangled by an orc warrior

Illustrated notes

Levels and vault maps discovered:
D:1:      dpeg_arrival_prison, layout_rooms, dreamdust_ecumenical_altar_grove
D:2:      kennysheep_six_static_rooms, layout_basic, minmay_lizard_king,
          uniq_robin
D:3:      layout_loops_cross, serial_shops, nicolae_shop_statue_plus,
          uniq_grinder
D:4:      layout_basic, serial_undead, serial_undead_e, serial_undead_d,
          serial_undead_c, serial_undead_a, minmay_misc_feat_iff, minmay_bent

Skill      XL: |  1  2  3  4  5 |
---------------+----------------+-----
Invocations    | 1 2 |  2.4
Short Blades   | 1 2 |  2.1
Long Blades    | 1 2 |  2.1
Maces & Flails | 1 2 |  2.1
Polearms       | 1 2 |  2.1
Staves         | 1 2 |  2.1
Slings         | 1 2 |  2.1
Bows           | 1 2 |  2.1
Crossbows      | 1 2 |  2.1
Throwing       | 1 2 |  2.1
Shields        | 1 2 |  2.1
Unarmed Combat | 1 2 |  2.1
Spellcasting   | 1 2 |  2.1
Conjurations   | 1 |  1.7
Hexes          | 1 |  1.7
Summonings     | 1 |  1.7
Necromancy     | 1 |  1.7
Translocations | 1 |  1.7
Transmutations | 1 |  1.7
Fire Magic     | 1 |  1.7
Ice Magic      | 1 |  1.7
Air Magic      | 1 |  1.7
Earth Magic    | 1 |  1.7
Poison Magic   | 1 |  1.7
Axes           | 5 |  5.1
Armour         | 3 |  3.4
Dodging        | 3 |  3.4
Evocations     | 3 |  3.4
Fighting       | |  6.9
Stealth        | |  4.7

Action                   |  1- 3 |  4- 6 || total
-------------------------+-------+-------++-------
Melee: Dagger            |    11 |       ||    11
       Hand axe          |   105 |   158 ||   263
       Bite              |     9 |    12 ||    21
       Punch             |     1 |     1 ||     2
Invok: Berserk           |     1 |     2 ||     3
 Stab: Sleeping          |     2 |     3 ||     5
Armor: Ring mail         |    61 |    65 ||   126
Dodge: Dodged            |    92 |   103 ||   195
